 Dungeon Crawl Stone Soup version 0.32-a0-900-g30fb1b0edc (webtiles) character file.

Game seed: 18220618505423623431

2139 coolfrog the Spear-Bearer (level 9, -2/74 HPs)
             Began as a Minotaur Gladiator on Apr 6, 2024.
             Was a Follower of the Shining One.
             Slain by a killer bee (4 damage)
             ... on level 6 of the Dungeon.
             The game lasted 00:30:43 (5146 turns).

coolfrog the Spear-Bearer (Minotaur Gladiator)      Turns: 5146, Time: 00:30:46

Health: -2/74      AC: 11    Str: 23    XL:     9   Next: 9%
Magic:  8/8        EV: 11    Int:  5    God:    the Shining One [*.....]
Gold:   285        SH:  0    Dex: 12    Spells: 8/8 levels left

rFire   + . .        v - +4 dire flail
rCold   . . .        (shield currently unavailable)
rNeg    + . .        h - +2 scale mail {rF+}
rPois   .            c - +0 hat
rElec   .            (no cloak)
rCorr   .            m - +0 pair of gloves
SInv    .            (no boots)
Will    .....        (no amulet) Stlth
                     t - ring of positive energy
HPRegen 0.32/turn    (no ring)
MPRegen 0.11/turn

%: no passive effects
@: lethally poisoned (-2 -> -26), glowing
A: horns 2, retaliatory headbutt
a: Renounce Religion, Divine Shield


You were on level 6 of the Dungeon.
You worshipped the Shining One.
The Shining One was aware of your devotion.
You visited 2 branches of the dungeon, and saw 7 of its levels.

You collected 285 gold pieces.

Inventory:

Hand Weapons
 a - a +3 trident
 v - a +4 dire flail (weapon)
 w - a +0 dagger of venom
 y - a +3 hand axe
 A - the +6 dagger of Beiqeaqu {antimagic, rF+ Will+}
   (You found it on level 4 of the Dungeon)

   rF+:       It protects you from fire.
   Will+:     It increases your willpower.
 E - a +5 mace
Missiles
 d - 2 throwing nets
 g - 9 boomerangs
 p - 5 silver javelins (quivered)
Armour
 c - a +0 hat (worn)
 h - a +2 scale mail of fire resistance (worn)
 m - a +0 pair of gloves (worn)
 o - a +2 scale mail of positive energy
Jewellery
 t - a ring of positive energy (left hand)
Talismans
 b - a flux talisman
Wands
 f - a wand of acid (11)
 l - a wand of polymorph (26)
 z - a wand of mindburst (9)
Scrolls
 e - 2 scrolls of noise
 k - a scroll of fear
 q - 4 scrolls of teleportation
 r - a scroll of vulnerability
 x - a scroll of butterflies
 B - a scroll of amnesia
 C - 2 scrolls of blinking
Potions
 i - a potion of attraction
 j - 3 potions of curing
 n - 6 potions of heal wounds
 s - 2 potions of brilliance {unknown}
 u - 3 potions of haste
 D - a potion of invisibility {unknown}


   Skills:
 + Level 5.3 Fighting
 + Level 9.7 Polearms
 + Level 2.4 Throwing
 + Level 7.6 Armour
 + Level 6.6 Dodging
 + Level 0.1 Stealth
 + Level 0.1 Evocations


You had 8 spell levels left.
You didn't know any spells.
Your spell library contained the following spells:

 Spells                   Type           Power      Damage    Failure   Level
 Kiss of Death            Conj/Necr      0%         2d5       77%         1
 Summon Small Mammal      Summ           0%         N/A       77%         1
 Ensorcelled Hibernation  Hex/Ice        0%         N/A       88%         2
 Sublimation of Blood     Necr           0%         N/A       88%         2
 Call Canine Familiar     Summ           0%         N/A       98%         3
 Confusing Touch          Hex            0%         N/A       98%         3
 Fugue of the Fallen      Necr           0%         N/A       98%         3
 Anguish                  Hex/Necr       0%         N/A       100%        4
 Dispel Undead            Necr           0%         3d6       100%        4
 Petrify                  Alch/Erth      0%         N/A       100%        4
 Summon Blazeheart Golem  Fire/Summ      0%         N/A       100%        4
 Irradiate                Conj/Alch      0%         3d11      100%        5
 Sculpt Simulacrum        Ice/Alch       0%         N/A       100%        6
 Ozocubu's Refrigeration  Ice            0%         4d7       100%        7
 Polar Vortex             Ice            0%         N/A       100%        9


Dungeon Overview and Level Annotations

Branches:
Dungeon (6/15)             Temple (1/1) D:5

Altars:
Elyvilon
Gozag
Hepliaklqana
Makhleb
Okawaru
Sif Muna
Trog
Vehumet
Wu Jian
Xom
Yredelemnul
The Shining One


Innate Abilities, Weirdness & Mutations

You have a pair of horns on your head.
You reflexively headbutt those who attack you in melee.


Message History

The killer bee buzzes angrily.
You hear an angry buzzing noise.
The killer bee misses you. You furiously retaliate!
You headbutt the killer bee, but do no damage.
The killer bee closely misses you. The killer bee misses you.
You furiously retaliate!
You headbutt the killer bee! You closely miss the killer bee.
Your headbutt misses the killer bee.
The killer bee is almost dead.
You feel sick.
The killer bee stings you but does no damage.
A killer bee comes into view.
The killer bee stings you but does no damage.
Unknown command.
You puncture the killer bee!
You kill the killer bee!
You feel sick. The killer bee closely misses you.
A killer bee comes into view.
The killer bee stings you but does no damage.
Unknown command.
You closely miss the killer bee.
You feel sick.
The killer bee buzzes angrily.
The killer bee stings you.
* * * LOW HITPOINT WARNING * * *
You are more poisoned.
The killer bee poisons you! The killer bee closely misses you.
You furiously retaliate!
You headbutt the killer bee! The killer bee misses you.
You barely miss the killer bee. Your headbutt misses the killer bee.
The killer bee is moderately wounded.
You feel very sick. The killer bee stings you.
* * * LOW HITPOINT WARNING * * *
You are lethally poisoned!
The killer bee poisons you! The killer bee barely misses you.
The killer bee stings you!
* * * LOW HITPOINT WARNING * * *
The killer bee stings you. The Shining One protects you from harm!
You are more poisoned.
The killer bee poisons you! The killer bee stings you.
You die...

.......#[########
#>............../ ###
.....................
#.#####..########...#
............†........
..#.........)........
#...#...#)..#Y..#
#..#...#..†#...#.
#.#...#...#@y.#..
....#...#.yy#y..#
.#...#...#...#...#
#.................#
.#...#...#. #...#
.#...#...#. #..#
.#..[#. #.# ...#.. .#


You could see an ice beast and 4 killer bees.

Vanquished Creatures
  A yak (D:6)
  2 water moccasins
  3 ice beasts
  An orc warrior (D:4)
  2 ogres
  2 bullfrogs (D:6)
  5 scorpions
  4 wights (D:6)
  2 killer bees (D:6)
  A howler monkey (D:6)
  2 bombardier beetles
  2 orc priests (D:4)
  A hound (D:5)
  A sleepcap (D:5)
  Terence (D:3)
  3 iguanas
  3 orc wizards
  7 adders
  An ufetubus (D:6)
  2 dart slugs (D:2)
  6 orcs
  5 bats
  6 endoplasms
  5 giant cockroaches
  11 hobgoblins
  9 kobolds
  4 quokkas
  9 ball pythons
  4 frilled lizards
  9 goblins
  5 rats
119 creatures vanquished.

Vanquished Creatures (others)
  An arcanist (D:5)
1 creature vanquished.

Grand Total: 120 creatures vanquished

Notes
Turn   | Place    | Note
-------+----------+-------------------------------------------
     0 | D:1      | coolfrog the Minotaur Gladiator began the quest for the
                  | Orb.
     0 | D:1      | Reached XP level 1. HP: 18/18 MP: 0/0
   163 | D:1      | Reached skill level 4 in Polearms
   163 | D:1      | Reached XP level 2. HP: 25/25 MP: 1/1
   938 | D:2      | Reached XP level 3. HP: 30/30 MP: 2/2
  1194 | D:2      | Reached skill level 1 in Armour
  1262 | D:2      | Found an opulent altar of Gozag.
  1463 | D:2      | Reached XP level 4. HP: 38/38 MP: 3/3
  2190 | D:3      | Noticed Terence
  2207 | D:3      | Killed Terence
  2391 | D:3      | Found a faded altar of an unknown god.
  2953 | D:4      | Noticed an orc warrior
  2955 | D:4      | Killed an orc warrior
  2956 | D:4      | Reached skill level 5 in Polearms
  2956 | D:4      | Reached XP level 5. HP: 45/45 MP: 4/4
  2970 | D:4      | Reached XP level 6. HP: 38/51 MP: 5/5
  3470 | D:4      | Identified the +6 dagger of Beiqeaqu {antimagic, rF+ Will+}
  3588 | D:4      | Reached skill level 6 in Polearms
  3602 | D:4      | Reached skill level 5 in Dodging
  3689 | D:4      | Found a glowing golden altar of the Shining One.
  3694 | D:4      | Became a worshipper of the Shining One
  3832 | D:5      | Entered Level 5 of the Dungeon
  3832 | D:5      | Found a bloodstained altar of Trog.
  3834 | D:5      | Noticed a wizard
  3840 | D:5      | Killed a wizard
  3940 | D:5      | Reached XP level 7. HP: 56/58 MP: 6/6
  3986 | D:5      | Identified the +1 robe "Nuniur" {rC- rN+ Will++ Str+3}
  4044 | D:5      | Reached skill level 7 in Polearms
  4325 | D:5      | Reached skill level 5 in Armour
  4815 | D:5      | Reached skill level 8 in Polearms
  4815 | D:5      | Reached XP level 8. HP: 67/67 MP: 7/7
  4858 | D:5      | Found a staircase to the Ecumenical Temple.
  4864 | Temple   | Entered the Ecumenical Temple
  5055 | D:6      | Reached skill level 9 in Polearms
  5078 | D:6      | Reached * piety under the Shining One
  5093 | D:6      | Reached skill level 5 in Fighting
  5099 | D:6      | HP: 2/68 [wight/+5 mace (6)]
  5104 | D:6      | Reached XP level 9. HP: 10/74 MP: 8/8
  5146 | D:6      | HP: 2/74 [killer bee (7)]
  5146 | D:6      | The Shining One protects you from harm!
  5146 | D:6      | Slain by a killer bee

Illustrated notes

Levels and vault maps discovered:
D:1:      heliophobic_arrival_ceremonial_halls, layout_basic
D:2:      layout_basic, basic_altar, kennysheep_donut, lemuel_flame_loot_1
D:3:      layout_basic, hellmonk_ecumenical_altar_arch_garden, uniq_terence
D:4:      layout_loops_ring, nicolae_tso_carved_into_rock, serial_park_tiny_1
D:5:      layout_loops_ring, trog_wizard, minmay_temple_entry_enclosed_plants,
          minmay_misc_feat_roman
D:6:      cheibrodos_fzero, layout_basic, portal_sewer_entry_a,
          hex_intersection, patterned_corridor
Temple:   hellmonk_temple_micro_hex

Skill      XL: |  1  2  3  4  5  6  7  8 |
---------------+-------------------------+-----
Polearms       | 4 5 6 8 9 |  9.7
Armour         | 1 3 4 5 7 |  7.6
Dodging        | 4 5 6 |  6.6
Fighting       | 3 4 5 |  5.3
Throwing       | |  2.4
Stealth        | |  0.1
Evocations     | |  0.1

Action                     |  1- 3 |  4- 6 |  7- 9 || total
---------------------------+-------+-------+-------++-------
  Melee: Trident           |    84 |   122 |   108 ||   314
         Headbutt          |    14 |    21 |    19 ||    54
         Dire flail        |       |       |    11 ||    11
  Throw: Throwing net      |     1 |       |       ||     1
         Javelin           |       |     5 |       ||     5
  Evoke: Wand              |       |     1 |     1 ||     2
    Use: Scroll            |     1 |    12 |     2 ||    15
         Potion            |       |       |     1 ||     1
 Armour: Leather armour    |    18 |       |       ||    18
         Plate armour      |    52 |    36 |       ||    88
         Scale mail        |       |    80 |    85 ||   165
  Dodge: Dodged            |    34 |    50 |    74 ||   158

Table legend: (Time is in decaauts)
 A = Elapsed time spent in this place.
 B = Non-inter-level travel time spent in this place.
 C = Inter-level travel time spent in this place.
 D = Time resting spent in this place.
 E = Time spent auto-exploring this place.
 F = Levels seen in this place.
 G = Mean time per level.
                   A        B        C        D        E       F      G
               +--------+--------+--------+--------+--------+-----+--------+
         Total |   5149 |   5140 |      9 |    135 |   3023 |   7 |  735.6 |
       Dungeon |   5079 |   5070 |      9 |    135 |   3023 |   6 |  846.5 |
        Temple |     69 |     69 |      0 |      0 |      0 |   1 |   69.0 |
               +--------+--------+--------+--------+--------+-----+--------+

Top non-repeatable levels by time:
     D:2: 1357 daAuts
     D:5: 1108 daAuts
     D:4: 905 daAuts
     D:1: 841 daAuts
     D:3: 740 daAuts
     D:6: 125 daAuts
  Temple: 69 daAuts
